 Dungeon Crawl Stone Soup version 0.28.0-53-g5a82cb258f (webtiles) character file.

Game seed: 3957501264906903745

7375 buhh the Fighter (level 11, -3/97 HPs)
             Began as an Octopode Transmuter on June 16, 2022.
             Was a High Priest of Cheibriados.
             Slain by Sonja
             ... wielding a +2 short sword of venom
              (4 damage)
             ... while paralysed by Sonja
             ... on level 1 of the Lair of Beasts.
             The game lasted 00:29:11 (11353 turns).

buhh the Fighter (Octopode Transmuter)             Turns: 11353, Time: 00:29:12

Health: -3/97      AC: 11    Str: 21    XL:     11   Next: 14%
Magic:  13/15      EV:  1    Int: 31    God:    Cheibriados [*****.]
Gold:   568        SH:  0    Dex: 26    Spells: 6/16 levels left

rFire   x . .      SeeInvis .     - Unarmed
rCold   + + +      Faith    .   (shield currently unavailable)
rNeg    . . .      Spirit   .   (helmet currently unavailable)
rPois   +          Reflect  .   (no amulet)
rElec   .          Harm     .   e - ring of poison resistance
rCorr   .          Rampage  .   j - +4 ring of evasion
Will    .....                   (no ring)
Stlth   ++........              (no ring)
HPRegen 0.26/turn               (no ring)
MPRegen 0.14/turn               (no ring)
                                (no ring)
                                (no ring)

@: paralysed, lethally poisoned (-3 -> -20), ice-form, freezing walls, very slow
A: freezing attack, boosted hp, almost no armour, amphibious, 8 rings, large,
(camouflage 1), (gelatinous body 1), (nimble swimmer 1), (tentacles)
a: End Transformation, Renounce Religion, Bend Time, Temporal Distortion,
Slouch, Step From Time


You were on level 1 of the Lair of Beasts.
You worshipped Cheibriados.
Cheibriados was extremely pleased with you.
You were a creature of crystalline ice.
You visited 2 branches of the dungeon, and saw 10 of its levels.

You collected 607 gold pieces.
You spent 39 gold pieces at shops.

Inventory:

Missiles
 f - 6 poisoned darts
Magical Staves
 i - a staff of earth
Jewellery
 e - a ring of poison resistance (left front paw)
 j - a +4 ring of evasion (right front paw)
Wands
 F - a wand of iceblast (4)
Scrolls
 c - 2 scrolls of blinking {!d}
 g - 3 scrolls of identify {!d}
 t - 6 scrolls of teleportation {!d}
 T - 2 scrolls of immolation {!d}
 Z - 2 scrolls of enchant armour
Potions
 a - a potion of berserk rage {unknown}
 b - 3 potions of attraction
 d - 3 potions of lignification {unknown}
 h - a potion of brilliance {unknown}
 l - a potion of flight {unknown}
 N - a potion of curing {!q!d}
 V - 2 potions of cancellation {!q!d}


   Skills:
 - Level 10.0 Fighting
 - Level 2.0 Dodging
 - Level 1.0 Stealth
 * Level 7.7 Unarmed Combat
 - Level 3.0 Spellcasting
 - Level 8.0 Transmutations
 - Level 8.0 Ice Magic
 - Level 3.0 Poison Magic


You had 6 spell levels left.
You knew the following spells:

 Your Spells              Type           Power      Damage    Failure   Level
a - Beastly Appendage     Tmut           100%       N/A       1%          1
b - Wereblood             Tmut           53%        N/A       1%          2
d - Ice Form              Ice/Tmut       53%        N/A       2%          4
e - Frozen Ramparts       Ice            100%       1d12      1%          3

Your spell library contained the following spells:

 Spells                   Type           Power      Damage    Failure   Level
 Freeze                   Ice            100%       1d11      1%          1
 Passwall                 Tmut/Erth      24%        N/A       1%          2
 Spider Form              Tmut/Pois      38%        N/A       1%          3
 Sandblast                Erth           8%         2d5       7%          1
 Static Discharge         Conj/Air       4%         N/A       10%         2
 Hailstorm                Conj/Ice       29%        3d8       13%         4
 Gell's Gravitas          Tloc           4%         N/A       21%         3
 Stone Arrow              Conj/Erth      8%         3d7       21%         3
 Teleport Other           Tloc           4%         N/A       21%         3
 Lightning Bolt           Conj/Air       2%         1d13      88%         5
 Dispersal                Tloc           2%         N/A       100%        6
 Maxwell's Capacitive Co  Air            2%         ∞         100%        8


Dungeon Overview and Level Annotations

Branches:
Dungeon (9/15)             Temple (0/1) D:4            Lair (1/6) D:9
    Orc: D:9-12

Altars:
Cheibriados
Fedhas
Gozag
Hepliaklqana
Uskayaw
Vehumet

Shops:
D:2 [[(!

Annotations:
D:4 Ijyb
D:6 exclusion: downstairs
D:7 exclusions: boulder beetle and door
Lair:1 3 runed translucent doors, Sonja; nickcage's ghost, journeyman HOBe


Innate Abilities, Weirdness & Mutations

You are a creature of crystalline ice.
You have a powerful freezing melee attack.
Your maximum health is increased.
Your armour is entirely melded.
You are incapable of wielding weapons or throwing items.
You cannot wear most types of armour.
You are amphibious.
You can wear up to eight rings at the same time.
((Your skin changes colour to match your surroundings (Stealth+).))
((Your rubbery body absorbs attacks. (AC +1, EV +1)))
((You are camouflaged when in or above water. (Stealth+)))
((You have tentacles for arms and can constrict up to eight enemies at once.))


Message History

Sonja blinks!
The wall freezes the cane toad.
The cane toad stings you!
The wall freezes the komodo dragon.
The komodo dragon seems to slow down.
The komodo dragon bites something!!
Sonja zaps a wand.
You easily resist.
You hit the cane toad but do no damage.
The cane toad is heavily wounded.
The wall freezes the cane toad!
The cane toad stings you!
You punch the cane toad!
The cane toad seems to slow down.
You freeze the cane toad.
You kill the cane toad!
Cheibriados thoroughly appreciates the change of pace.
The wall freezes the komodo dragon!
Sonja zaps a wand.
You suddenly lose the ability to move!
The wall freezes the komodo dragon!
The komodo dragon barely misses you.
The wall freezes Sonja.
Sonja zaps a wand.
You shrug off the repeated paralysis!
The now-empty wand crumbles to dust.
The wall freezes the komodo dragon.
The komodo dragon bites you!
The wall freezes Sonja.
Sonja hits you with a +2 short sword of venom!
Sonja hits you with a +2 short sword of venom.
Sonja hits you but does no damage.
You are poisoned.
You feel sick.
The wall freezes Sonja.
Sonja barely misses you. Sonja hits you but does no damage.
You are more poisoned.
Sonja hits you with a +2 short sword of venom.
The wall freezes the komodo dragon!
The komodo dragon seems to slow down.
The komodo dragon hisses menacingly.
The komodo dragon bites you!!
* * * LOW HITPOINT WARNING * * *
You feel sick.
The wall freezes Sonja.
Sonja hits you with a +2 short sword of venom.
* * * LOW HITPOINT WARNING * * *
Sonja hits you but does no damage. x2; The wall freezes Sonja!
Sonja hits you with a +2 short sword of venom!
* * * LOW HITPOINT WARNING * * *
Sonja hits you with a +2 short sword of venom.
* * * LOW HITPOINT WARNING * * *
You are more poisoned.
Sonja hits you with a +2 short sword of venom.
You die...

... ............P.##.#.
.#. ..........#.....#.
.^ ## ###...†..#.....#.
. ##.#####......#.....P.
.##..>...##.....#.......
................#.......
.#......##.....#.....#.
#####.###.....P.......
#Y# #.....+.....#.
......l.K.......#...
.................###
..................
..................
...............
...............
...............


You could see a komodo dragon (slow) and Sonja.

Vanquished Creatures
  Pikel (D:8)
  A cane toad (Lair:1)
  A komodo dragon (Lair:1)
  A polar bear (Lair:1)
  3 trolls
  A hornet (D:8)
  6 slime creatures (D:9)
  A yak (D:8)
  A wyvern (D:9)
  A basilisk (Lair:1)
  2 wargs (D:9)
  2 water moccasins (Lair:1)
  3 orc warriors
  2 black bears
  3 necrophages
  2 centaurs
  2 ogres
  7 bullfrogs
  3 gnoll sergeants
  5 scorpions
  A water moccasin zombie (D:5)
  A wyvern skeleton (D:6)
  5 howler monkeys
  A centaur zombie (D:6)
  A jelly (D:5)
  A bullfrog zombie (D:5)
  7 orc priests
  3 hounds (D:6)
  A bullfrog skeleton (D:5)
  An iguana (D:4)
  8 orc wizards
  2 howler monkey zombies (D:7)
  19 gnolls
  4 adders
  A shadow imp (D:6)
  A white imp (D:6)
  An adder skeleton (D:4)
  2 worms
  A dart slug (D:5)
  42 orcs
  5 endoplasms
  2 giant cockroaches
  6 goblins
  5 hobgoblins
  7 jackals (D:4)
  4 quokkas
  13 ball pythons
  4 bats
  6 frilled lizards
  6 kobolds
  5 rats
  A spectral orc (D:9)
215 creatures vanquished.

Vanquished Creatures (others)
  2 fungi (Lair:1)
  7 plants
9 creatures vanquished.

Grand Total: 224 creatures vanquished

Notes
Turn   | Place    | Note
-------+----------+-------------------------------------------
     0 | D:1      | buhh the Octopode Transmuter began the quest for the Orb.
     0 | D:1      | Reached XP level 1. HP: 13/13 MP: 3/3
   290 | D:1      | Reached XP level 2. HP: 13/18 MP: 3/5
   496 | D:1      | Found a faded altar of an unknown god.
  1370 | D:2      | Reached skill level 2 in Fighting
  1370 | D:2      | Reached XP level 3. HP: 24/24 MP: 4/6
  1428 | D:2      | Learned a level 2 spell: Wereblood
  1598 | D:2      | Found Cune's Distillery.
  1617 | D:2      | Bought a potion of curing for 39 gold pieces
  1719 | D:2      | Found Gudeabad's Antique Armour Emporium.
  1867 | D:2      | Found Arogaxaf's Antique Armour Emporium.
  1960 | D:2      | Found Rury's Antique Weapon Emporium.
  2247 | D:3      | Found a snail-covered altar of Cheibriados.
  2277 | D:3      | Became a worshipper of Cheibriados the Contemplative
  2308 | D:3      | Found a blossoming altar of Fedhas.
  2327 | D:3      | Reached XP level 4. HP: 29/29 MP: 3/7
  2899 | D:3      | Reached * piety under Cheibriados
  3087 | D:3      | Noticed a necrophage
  3098 | D:3      | Killed a necrophage
  3099 | D:3      | Reached XP level 5. HP: 22/34 MP: 8/8
  3240 | D:3      | Reached XP level 6. HP: 20/39 MP: 5/9
  3780 | D:4      | Found a staircase to the Ecumenical Temple.
  3999 | D:4      | Learned a level 3 spell: Spider Form
  4093 | D:4      | Reached ** piety under Cheibriados
  4189 | D:5      | Entered Level 5 of the Dungeon
  4195 | D:5      | Noticed a black bear
  4204 | D:5      | Killed a black bear
  4271 | D:5      | Reached XP level 7. HP: 45/45 MP: 8/10
  4388 | D:5      | Learned a level 4 spell: Ice Form
  4696 | D:5      | Found a hide-covered altar of Uskayaw.
  4779 | D:5      | Found an opulent altar of Gozag.
  4989 | D:5      | Reached XP level 8. HP: 40/50 MP: 9/11
  5466 | D:4      | Noticed Ijyb
  5542 | D:6      | Found a radiant altar of Vehumet.
  5783 | D:6      | Reached *** piety under Cheibriados
  6736 | D:4      | Reached XP level 9. HP: 54/54 MP: 10/12
  6741 | D:4      | Reached **** piety under Cheibriados
  6893 | D:7      | Noticed a boulder beetle
  6985 | D:7      | Noticed a troll
  6995 | D:7      | Killed a troll
  7976 | D:8      | Noticed a hornet
  7993 | D:8      | Noticed a troll
  8001 | D:8      | Killed a troll
  8158 | D:8      | Noticed Pikel
  8171 | D:8      | Killed Pikel
  8172 | D:8      | Reached skill level 4 in Fighting
  8172 | D:8      | Reached XP level 10. HP: 37/65 MP: 9/14
  8556 | D:8      | Reached skill level 5 in Fighting
  8740 | D:8      | Reached skill level 6 in Fighting
  8861 | D:8      | Learned a level 3 spell: Frozen Ramparts
  9505 | D:9      | Reached ***** piety under Cheibriados
  9643 | D:9      | Reached skill level 7 in Fighting
  9874 | D:9      | Found a staircase to the Lair.
  9889 | D:9      | Reached skill level 8 in Fighting
 10190 | D:9      | Reached skill level 9 in Fighting
 10623 | D:9      | Found a hazy altar of Hepliaklqana.
 10710 | Lair:1   | Entered Level 1 of the Lair of Beasts
 10747 | Lair:1   | Found a runed translucent gate.
 10748 | Lair:1   | Found a runed translucent gate.
 10749 | Lair:1   | Found a runed translucent gate.
 10750 | Lair:1   | Noticed nickcage's ghost (journeyman HOBe)
 10751 | Lair:1   | Noticed a nine-headed hydra
 10752 | Lair:1   | Noticed an 11-headed hydra
 10887 | Lair:1   | Reached skill level 10 in Fighting
 10887 | Lair:1   | Reached XP level 11. HP: 75/81 MP: 7/15
 11336 | Lair:1   | Noticed Sonja
 11336 | Lair:1   | Paralysed by Sonja for 7 turns
 11348 | Lair:1   | Paralysed by Sonja for 6 turns
 11353 | Lair:1   | HP: 2/97 [Sonja/+2 short sword of venom (7)]
 11353 | Lair:1   | Slain by Sonja

Illustrated notes

Levels and vault maps discovered:
D:1:      ncdulo_lavacross, layout_basic, ebering_ecumenical_altar_rust
D:2:      layout_rooms, serial_shops, shop,
          nicolae_shop_competitors_out_of_business, nicolae_shop_stone,
          shop_fountains
D:3:      layout_loops_cross, general_overflow_altar, fedhas_altar_1,
          serial_bayou_lagoon_a, skrybe_limestone_x
D:4:      layout_rooms, minmay_temple_entry_mini_moons, uniq_ijyb
D:5:      layout_loops_ring, grunt_gozag_statues, marbit_many_paths, hex_medium,
          chequers_serial_rivers_large_b
D:6:      layout_cave_pools, mainiacjoe_overflow_concentric_impassable,
          minmay_starry_boxes
D:7:      layout_gridville, mainiacjoe_overflow_alcove_4
D:8:      layout_basic, enter_bailey_2, kennysheep_generic_room_5, uniq_pikel
D:9:      layout_basic, nicolae_hepliaklqana_monster_ancestors,
          erik_lair_orcish_takeover
Lair:1:   layout_regular_city, gammafunk_ghost_hydra_chop, uniq_sonja

Skill      XL: |  1  2  3  4  5  6  7  8  9 10 11 |
---------------+----------------------------------+-----
Stealth        | 1 |  1.0
Fighting       | 2 4 10 | 10.0
Unarmed Combat | 4 5 6 7 |  7.7
Poison Magic   | 3 |  3.0
Transmutations | 3 4 6 8 |  8.0
Ice Magic      | 4 6 8 |  8.0
Spellcasting   | 3 |  3.0
Dodging        | |  2.0

Action                   |  1- 3 |  4- 6 |  7- 9 | 10-12 || total
-------------------------+-------+-------+-------+-------++-------
Melee: Unarmed           |    79 |    82 |   208 |   110 ||   479
       Kick              |    18 |    32 |     6 |       ||    56
       Constrict         |    24 |    25 |     3 |       ||    52
       Tentacles         |    11 |    16 |     7 |       ||    34
       Punch             |       |     3 |     1 |       ||     4
 Cast: Beastly Appendage |    36 |    26 |     5 |       ||    67
       Wereblood         |     1 |     4 |     1 |       ||     6
       Spider Form       |       |     1 |    10 |       ||    11
       Ice Form          |       |       |    26 |    24 ||    50
       Frozen Ramparts   |       |       |       |    14 ||    14
Evoke: Wand              |       |     1 |     5 |       ||     6
  Use: Scroll            |     2 |     2 |     2 |     6 ||    12
       Potion            |       |       |     1 |     1 ||     2
 Stab: Sleeping          |    11 |     1 |     5 |     1 ||    18
       Invisible         |       |       |     1 |       ||     1
Armor: Skin              |     5 |     3 |    36 |    43 ||    87
Dodge: Dodged            |    38 |    48 |   137 |    81 ||   304
